AoeStats
← Bryant

Black Forest

508434767Analyzed
4v4 RM · 10d ago on Sep 22, 2026· 43m 43s· 8 players
Game mode
Random Map
Map size
Large (8 player)
Population
200
Speed
Normal
Resources
Standard
Victory
Conquest
Starting age
Dark Age
Ending age
Imperial Age
RankedLock teamsTeams togetherTeam positionsShared explorationLock speedFull tech treeHidden civsTurbo modeCheats
Victory
Defeat
🇩🇪 Vietnamese · Germany
1200
+15
🇬🇷 Hindustanis · Greece
1194
+15
🇹🇼 Persians · Taiwan
1152
+17
🇹🇼 Slavs · Taiwan
1145
+17
🇹🇼 Italians · Taiwan
1198
-17
1176
-16
🇹🇼 Mongols · Taiwan
1170
-16
🇭🇰 Jurchens · Hong Kong SAR China
1153
-15
Танцующий Xyй
0:29 Loom
13:23 Feudal Age
20:14 Castle Age
18:50 Arson
19:18 Forging
19:23 Gold Mining
19:21 Double-Bit Axe
21:57 Squires
25:48 Scale Mail Armor
27:25 Iron Casting
31:49 Pikeman
34:23 Lamellar Armor
Jason
7:37 Loom
12:14 Feudal Age
13:55 Double-Bit Axe
16:17 Castle Age
15:02 Stone Mining
15:10 Gold Mining
17:38 Wheelbarrow
20:08 Horse Collar
24:06 Bow Saw
25:03 Hand Cart
25:49 Town Watch
29:01 Heavy Plow
29:04 Nomads
30:18 Gold Shaft Mining
34:09 Imperial Age
35:17 Conscription
35:18 Drill
36:02 Chemistry
35:23 Ballistics
35:12 Siege Engineers
37:24 Parthian Tactics
37:07 Thumb Ring
36:29 Elite Mangudai
38:02 Fletching
38:12 Padded Archer Armor
39:45 Hoardings
39:25 Masonry
39:55 Bodkin Arrow
40:16 Leather Archer Armor
40:37 Fortified Wall
43:41 Bracer
Speechless
3:28 Loom
11:32 Feudal Age
15:15 Castle Age
13:09 Double-Bit Axe
13:20 Horse Collar
16:12 Bow Saw
16:06 Heavy Plow
17:20 Wheelbarrow
22:50 Hand Cart
22:55 Stone Mining
23:29 Gold Mining
29:42 Imperial Age
28:13 Stone Shaft Mining
27:54 Caravan
29:14 Silk Road
30:58 Conscription
33:01 Two-Man Saw
31:55 Fletching
31:42 Elite Genoese Crossbowman
33:12 Padded Archer Armor
33:08 Bodkin Arrow
33:30 Pirotechnia
34:12 Ballistics
34:52 Chemistry
33:34 Treadmill Crane
34:59 Bracer
35:15 Leather Archer Armor
35:13 Masonry
35:44 Scale Mail Armor
35:55 Forging
36:38 Arson
37:15 Squires
37:32 Chain Mail Armor
37:48 Ring Archer Armor
37:55 Iron Casting
Dr.Lang
0:48 Loom
14:20 Feudal Age
16:13 Double-Bit Axe
16:14 Horse Collar
19:49 Castle Age
18:10 Stone Mining
19:17 Gold Mining
26:06 Fortified Wall
33:17 Wheelbarrow
36:06 Imperial Age
33:24 Town Watch
33:41 Treadmill Crane
34:12 Siege Engineers
34:48 Scale Mail Armor
34:58 Forging
35:28 Hand Cart
35:22 Fortified Bastions
36:19 Chain Mail Armor
37:20 Conscription
38:22 Chemistry
37:48 Bow Saw
38:15 Gold Shaft Mining
37:17 Elite Fire Lancer
38:44 Iron Casting
Bryant
10:29 Feudal Age
9:44 Loom
14:54 Castle Age
13:38 Double-Bit Axe
13:44 Horse Collar
16:39 Bow Saw
18:08 Wheelbarrow
20:50 Heavy Plow
23:52 Gold Mining
24:42 Hand Cart
25:28 Stone Mining
28:00 Gold Shaft Mining
27:42 Bloodlines
27:33 Husbandry
28:26 Scale Barding Armor
28:34 Forging
31:43 Imperial Age
29:52 Chain Barding Armor
30:39 Iron Casting
31:13 Ballistics
32:39 Plate Barding Armor
31:27 Cavalier
33:37 Blast Furnace
33:22 Stone Shaft Mining
33:47 Conscription
32:51 Elite War Elephant
34:42 Two-Man Saw
35:03 Chemistry
41:26 Fletching
41:36 Padded Archer Armor
41:37 Scale Mail Armor
42:06 Bodkin Arrow
44:26 Citadels
44:16 Kamandaran
菸島狼
0:28 Loom
12:15 Feudal Age
17:30 Castle Age
16:10 Double-Bit Axe
17:25 Horse Collar
22:26 Fletching
26:04 Gold Mining
26:26 Heavy Plow
28:45 Wheelbarrow
31:11 Imperial Age
29:25 Scale Mail Armor
30:42 Forging
31:28 Gold Shaft Mining
31:10 Squires
30:58 Pikeman
33:01 Scale Barding Armor
33:13 Bloodlines
33:32 Conscription
35:01 Iron Casting
34:41 Druzhina
35:08 Halberdier
39:32 Blast Furnace
38:47 Chain Mail Armor
38:29 Elite Boyar
40:37 Bodkin Arrow
42:59 Detinets
nikos9730
0:33 Loom
12:06 Feudal Age
12:50 Double-Bit Axe
13:43 Wheelbarrow
17:09 Castle Age
18:46 Horse Collar
24:25 Heavy Plow
27:33 Fletching
28:43 Bodkin Arrow
31:37 Bow Saw
32:24 Hand Cart
36:27 Imperial Age
35:07 Caravan
34:50 Elite Skirmisher
35:37 Thumb Ring
35:50 Town Watch
36:30 Grand Trunk Road
36:45 Padded Archer Armor
36:36 Town Watch
38:13 Chemistry
37:34 Ballistics
37:23 Bracer
39:07 Gold Mining
40:03 Conscription
40:55 Two-Man Saw
40:12 Shatagni
41:21 Town Patrol
42:18 Leather Archer Armor
42:16 Forging
42:11 Scale Barding Armor
42:16 Forging
venOm
5:11 Loom
10:43 Feudal Age
14:49 Castle Age
13:56 Double-Bit Axe
13:52 Horse Collar
15:50 Bow Saw
17:38 Heavy Plow
22:30 Wheelbarrow
21:51 Gold Mining
23:28 Stone Mining
24:56 Hand Cart
29:25 Imperial Age
27:47 Scale Barding Armor
29:05 Chain Barding Armor
28:37 Fletching
29:37 Bloodlines
29:29 Husbandry
29:34 Chatras
29:57 Forging
29:44 Bodkin Arrow
30:44 Plate Barding Armor
31:31 Chemistry
31:37 Iron Casting
31:18 Elite Battle Elephant
33:17 Stone Shaft Mining
33:22 Padded Archer Armor
33:23 Bracer
33:52 Ballistics
34:30 Caravan
35:09 Elite Rattan Archer
35:54 Light Cavalry
38:05 Leather Archer Armor
39:55 Ring Archer Armor
43:17 Thumb Ring
Connection lost

Rejoining the realm…

Still unreachable

The connection could not be restored.

Session expired

The server has moved on; the page needs a fresh start.